 Dungeon Crawl Stone Soup version 0.27.0-1-g7a089689b8 (webtiles) character file.

Game seed: 5760068613443090917

94 willcat the Sneak (level 4, 0/45 HPs)
             Began as a Troll Delver on Aug 12, 2021.
             Slain by a killer bee (6 damage)
             ... on level 9 of the Dungeon.
             The game lasted 00:00:38 (102 turns).

willcat the Sneak (Troll Delver)                     Turns: 102, Time: 00:00:39

Health: 0/45       AC:  4    Str: 21    XL:     4   Next: 38%
Magic:  3/3        EV: 10    Int:  6    God:
Gold:   0          SH:  0    Dex: 11    Spells: 3/3 levels left

rFire    . . .     SeeInvis .     - Unarmed
rCold    . . .     Faith    .   (no shield)
rNeg     . . .     Spirit   .   a - +0 robe
rPois    .         Reflect  .   (helmet restricted)
rElec    .         Harm     .   (no cloak)
rCorr    .         Rampage  .   (gloves unavailable)
Will     .....                  (boots unavailable)
Stlth    ++........             (no amulet)
HPRegen  1.15/turn              (no ring)
MPRegen  0.08/turn              (no ring)

@: lethally poisoned (0 -> -9)
A: large, unfitting armour, claws 3, regeneration 1, shaggy fur 1, tough skin 1
a: no special abilities


You were on level 9 of the Dungeon.
You visited 1 branch of the dungeon, and saw 5 of its levels.

Inventory:

Armour
 a - a +0 robe (worn)
Wands
 f - a wand of digging (2)
Scrolls
 b - a scroll of fog
 c - a scroll of magic mapping
 d - a scroll of fear
 g - a scroll of identify {unknown}
Potions
 e - a potion of haste


   Skills:
 + Level 3.0 Fighting
 + Level 2.3 Dodging
 + Level 3.1 Stealth
 + Level 2.9 Unarmed Combat


You had 3 spell levels left.
You didn't know any spells.
Your spell library contained the following spells:

 Spells                   Type           Power      Damage    Failure   Level
 Summon Guardian Golem    Hex/Summ       0%         N/A       83%         3
 Orb of Destruction       Conj           0%         N/A       100%        7
 Spellforged Servitor     Conj/Summ      0%         N/A       100%        7


Dungeon Overview and Level Annotations

Branches:
Dungeon (9/15)
 Temple: D:4-7         Lair: D:8-11         Orc: D:9-12

Altars:

Shops:
D:8 [


Innate Abilities, Weirdness & Mutations

You are too large for most types of armour.
You have claws for hands.
Your natural rate of healing is unusually fast.
You are covered in fur. (AC +1)
You have tough skin. (AC +1)


Message History

A vampire comes into view.
Found a scroll labelled BAIN UMENEMARGH and 12 gold pieces.
There is a stone staircase leading up here.
The killer bee barely misses you.
The killer bee stings you but does no damage.
Aiming: Dig
Press: ? - help, Shift-Dir - straight line A rock wall.
The rock shatters into small pieces.
The killer bee stings you but does no damage.
The killer bee stings you. The killer bee stings you.
You are poisoned.
The killer bee poisons you!
Unknown command.
You feel very sick. The killer bee barely misses you.
Unknown command.
You closely miss the killer bee.
You feel sick. The killer bee barely misses you.
The vampire gestures wildly while chanting.
The vampire flickers and vanishes!
Deactivating autopickup; reactivate with Ctrl-A.
The killer bee barely misses you.
You miss the killer bee.
You feel sick. The killer bee misses you. The killer bee stings you.
You closely miss the killer bee.
You feel sick. The killer bee stings you. The killer bee barely misses you.
You closely miss the killer bee.
You feel sick. The killer bee stings you. The killer bee closely misses you.
You closely miss the killer bee.
You feel sick. The killer bee stings you!
You are more poisoned.
The killer bee poisons you!
You closely miss the killer bee.
You feel very sick. The killer bee stings you!
* * * LOW HITPOINT WARNING * * *
You are lethally poisoned!
The killer bee poisons you! The killer bee stings you.
You die...

.......
#.......######+##
#.......#........
#.......#........
#.......#........
#.......#........
#.......#@.......
#....y........
#..?.#########
..#............
#.......<.......
#...............
#...............
#...............
#......$........


You could see a killer bee.

Vanquished Creatures
  A necrophage (D:6)
  A shadow imp (D:6)
2 creatures vanquished.

Notes
Turn   | Place    | Note
-------+----------+-------------------------------------------
     0 | D:5      | willcat the Troll Delver began the quest for the Orb.
     0 | D:5      | Reached XP level 1. HP: 22/22 MP: 0/0
    21 | D:6      | Noticed a necrophage
    36 | D:6      | Killed a necrophage
    37 | D:6      | Reached XP level 2. HP: 20/31 MP: 1/1
    37 | D:6      | Reached XP level 3. HP: 24/37 MP: 2/2
    37 | D:6      | Reached XP level 4. HP: 30/45 MP: 3/3
    61 | D:8      | Found Oroklen's Armour Emporium.
    91 | D:9      | Noticed a vampire
   102 | D:9      | Slain by a killer bee

Illustrated notes

Levels and vault maps discovered:
D:5:      layout_gridville, minmay_temple_entry_nine_rooms
D:6:      layout_basic, uniq_maggie, uniq_edmund
D:7:      layout_gridville, minmay_fractal_squares_5
D:8:      layout_cave_pools, minmay_lair_entry_grove, serial_shops,
          nicolae_shop_crystal, minmay_misc_feat_encased, st_stairs_8,
          hangedman_abyss_or_decor_clamps
D:9:      minmay_polygon_palace, layout_stronghold, gammafunk_ghost_grave

Skill      XL: |  1 |
---------------+----+-----
Fighting       | 3 |  3.0
Dodging        | 2 |  2.3
Stealth        | 3 |  3.1
Unarmed Combat | |  2.9

Action                   |  1- 3 |  4- 6 || total
-------------------------+-------+-------++-------
Melee: Unarmed           |    15 |     6 ||    21
Evoke: Wand              |       |     1 ||     1
Armor: Robe              |     3 |     4 ||     7
Dodge: Dodged            |     5 |    16 ||    21
